Map: Orbital Shipyard

Players

Lime

  • Race: Zerg Zerg
  • League: Gold

LilDicky - Winner!

  • Race: Terran Terran
  • League: Diamond

VOD

http://www.twitch.tv/tumescentpie

Description

Time

  • Played on: Nov. 30, 2015, 3:51 p.m.
  • Length: 13:25
Show
View Real Time Build Order
Export as new Build Order

Lime Zerg 

Build Orders: Pool First 

Get SALT Encoding   

  12  0:00  Drone  
  13  0:12  Overlord  
  13  0:19  Drone  
  14  0:30  Drone  
  14  0:31  Drone  
  14  0:34  Drone  
  17  0:46  Spawning Pool  
  17  0:48  Extractor  
  15  0:50  Drone  
  15  0:56  Drone  
  17  1:08  Drone  
  18  1:17  Drone  
  19  1:32  Queen  
  21  1:33  Overlord  
  21  1:42  Hatchery, Drone  
  21  1:52  Zergling x2  
  22  2:00  Zergling x2  
  23  2:10  Metabolic Boost  
  23  2:31  Drone x2  
  25  2:47  Drone x4  
  28  3:15  Drone, Roach Warren  
  28  3:16  Drone x4  
  28  3:17  Lair  
  28  3:19  Queen  
  32  3:21  Drone  
  35  3:34  Overlord  
  35  3:36  Overlord  
  35  3:45  Overlord  
  35  3:46  Overlord  
  35  3:59  Overlord  
  35  4:02  Drone x4  
  39  4:11  Drone x2, Extractor  
  39  4:12  Drone x3  
  39  4:13  Extractor  
  39  4:14  Glial Reconstitution  
  42  4:18  Burrow  
  42  4:20  Drone  
  42  4:21  Drone  
  44  4:31  Drone  
  44  4:33  Drone x3  
  44  4:36  Extractor  
  47  4:39  Zergling x6  
  47  4:40  Zergling x2  
  51  4:54  Evolution Chamber  
  51  4:55  Spore Crawler  
  51  4:56  Evolution Chamber, Spore Crawler  
  51  4:57  Drone x2  
  51  4:58  Drone  
  50  5:00  Drone  
  50  5:05  Drone  
  52  5:17  Roach x3  
  52  5:18  Roach  
  52  5:20  Roach  
  62  5:22  Zerg Ground Armor Level 1  
  62  5:23  Zerg Missile Weapons Level 1  
  62  5:27  Roach  
  66  5:28  Roach  
  66  5:33  Tunneling Claws  
  65  5:45  Roach x2  
  65  5:49  Roach x3  
  75  5:50  Overlord  
  75  5:51  Overlord  
  75  5:53  Overlord  
  75  5:59  Overlord  
  75  6:05  Hatchery  
  75  6:10  Drone  
  75  6:14  Roach  
  75  6:15  Roach x3  
  75  6:16  Roach x2  
  75  6:17  Roach  
  89  6:29  Roach x14  
  89  6:36  Roach  
  89  6:37  Roach x2  
  95  6:47  Pneumatized Carapace  
  92  7:00  Roach x6  
  92  7:01  Roach x2  
  107  7:16  Roach x30  
  107  7:41  Roach  
  107  7:43  Roach  
  97  7:47  Roach  
  97  7:49  Roach  
  97  7:51  Roach x12  
  97  7:52  Roach x5  
  97  7:53  Overlord x4  
  89  8:15  Roach  
  89  8:16  Roach x3  
  97  8:36  Drone x4  
  97  8:38  Drone x3  
  102  8:42  Zerg Ground Armor Level 2, Zerg Missile Weapons Level 2  
  102  8:47  Ravager x6  
  96  8:48  Roach  
  96  8:49  Roach  
  100  8:59  Extractor  
  100  9:00  Extractor  
  100  9:01  Queen  
  100  9:02  Queen  
  100  9:03  Queen  
  100  9:08  Roach  
  100  9:09  Roach x5  
  116  9:11  Roach  
  118  9:19  Spire  
  118  9:21  Roach x2  
  118  9:22  Roach  
  123  9:28  Spore Crawler  
  122  9:32  Spore Crawler  
  122  9:34  Hatchery  
  122  9:36  Spore Crawler  
  119  9:40  Spore Crawler  
  119  9:42  Spore Crawler  
  119  9:44  Spore Crawler  
  111  9:54  Roach x3  
  91  10:23  Roach  
  91  10:24  Roach x7  
  91  10:25  Roach x3  
  95  10:31  Roach x4  
  103  10:40  Mutalisk x3  
  109  10:44  Mutalisk  
  109  10:45  Mutalisk  
  109  10:47  Mutalisk  
  115  10:56  Mutalisk x4  
  121  11:00  Overlord  
  121  11:02  Mutalisk  
  125  11:08  Mutalisk  
  127  11:18  Overseer  
  122  12:23  Ravager x4  
  122  12:24  Ravager x8  
  122  12:25  Ravager x2  
Show
View Real Time Build Order
Export as new Build Order

LilDicky Terran - Winner!

Build Orders:  

Get SALT Encoding   

  12  0:01  SCV  
  13  0:16  SCV  
  14  0:23  Supply Depot  
  14  0:28  SCV  
  15  0:30  Refinery  
  15  0:44  SCV  
  15  0:47  Barracks  
  16  0:56  SCV  
  17  1:08  SCV  
  18  1:21  SCV  
  19  1:35  Reaper  
  21  1:41  Orbital Command  
  21  1:47  Command Center  
  20  1:59  Supply Depot  
  20  2:02  Refinery  
  20  2:08  Marine  
  21  2:11  SCV  
  22  2:23  Factory  
  22  2:28  SCV  
  23  2:45  SCV  
  24  2:52  Barracks Tech Lab  
  24  2:58  SCV  
  24  3:07  Orbital Command  
  24  3:11  Refinery  
  24  3:15  Command Center  
  24  3:20  SCV  
  24  3:21  Barracks Reactor  
  24  3:26  Siege Tank  
  28  3:32  SCV  
  29  3:43  SCV  
  29  3:45  Starport  
  29  3:47  SCV  
  31  3:55  SCV  
  31  4:02  SCV  
  33  4:04  Marine x2  
  33  4:05  Liberator  
  33  4:07  Siege Tank  
  38  4:21  Marine x2  
  43  4:28  SCV  
  44  4:32  Orbital Command  
  44  4:33  Command Center  
  44  4:36  SCV  
  45  4:43  Marine x2  
  47  4:45  Siege Tank  
  47  4:50  Refinery  
  47  4:51  SCV  
  47  4:52  SCV  
  52  5:03  SCV  
  53  5:29  Liberator x2  
  53  5:30  Barracks Reactor  
  53  5:33  Orbital Command  
  53  5:49  Siege Tank  
  62  5:52  Orbital Command  
  62  5:56  SCV x2  
  64  5:57  Barracks  
  64  5:58  Barracks  
  64  6:00  SCV  
  64  6:01  Engineering Bay  
  64  6:02  Engineering Bay  
  65  6:06  Barracks  
  65  6:07  Barracks  
  65  6:08  SCV  
  65  6:09  SCV, Barracks  
  67  6:16  SCV  
  68  6:21  SCV x3  
  68  6:24  Marine  
  72  6:26  Siege Tank  
  75  6:48  Liberator x2  
  75  6:50  SCV  
  76  7:01  Barracks Reactor, Barracks Tech Lab  
  76  7:05  SCV x2  
  76  7:06  SCV x2, Siege Tank  
  89  7:13  Supply Depot, Barracks Tech Lab  
  89  7:14  Barracks Reactor x3, Barracks Tech Lab  
  89  7:16  Supply Depot  
  89  7:17  SCV x2  
  89  7:18  SCV  
  89  7:19  Refinery  
  89  7:21  Refinery  
  92  7:35  SCV x4, Marine x2  
  98  7:39  Liberator x2  
  75  7:45  Missile Turret  
  75  7:47  SCV x2  
  67  7:54  SCV x2  
  74  7:59  SCV x2, Marine x3  
  79  8:06  SCV x2  
  79  8:14  Marine  
  78  8:24  Marine  
  78  8:25  Marauder  
  81  8:28  Marine x2  
  81  8:29  Marauder  
  85  8:42  Orbital Command  
  85  8:47  Marauder  
  87  9:03  SCV x2  
  87  9:09  SCV x2, Marine  
  92  9:10  Marauder x2  
  92  9:11  Combat Shields, Stimpack  
  92  9:12  Marine  
  92  9:15  SCV  
  98  9:22  SCV x2  
  100  9:25  SCV  
  100  9:28  Terran Infantry Weapons Level 1, SCV  
  102  9:34  SCV x2  
  98  10:05  Marine  
  98  10:06  Marauder, Medivac x2, Marine x2  
  106  10:09  Terran Infantry Armor Level 1  
  106  10:12  SCV x2  
  106  10:13  Armory  
  91  10:29  Siege Tank, Marine x4  
  91  10:30  Marine x6  
  104  10:38  SCV x2  
  104  10:42  SCV x2  
  108  11:13  SCV, Marauder, Missile Turret, Marine x4  
  108  11:14  Marauder  
  108  11:16  Supply Depot x3, Marine x2  
  108  11:17  Marine  
  120  11:18  Medivac x2  
  124  11:37  Marauder x2, Marine  
  129  11:46  Marine  
  130  11:48  Thor  
  136  11:55  SCV, Marine  
  136  11:58  Missile Turret  
  136  11:59  Marauder x2  
  142  12:20  Marauder x2  
  146  12:26  Missile Turret  
  146  12:27  Missile Turret  
  146  12:29  Missile Turret  
  146  12:30  Marine  
  146  12:32  Marine  
  148  12:42  Missile Turret x3, Marauder x2  
  148  12:43  Missile Turret  
  135  13:01  Marine  
  135  13:03  Marauder x2  
Tags
 
Add a new tag
Caveats
  • Supply blocks, unpowered buildings, or Contaminate may cause inaccurate times.
  • Supply counts are checked every 10 seconds.